 Dungeon Crawl Stone Soup version 0.19-a0-1626-g5215c36 (webtiles) character file.

147 poirepourri the Sneak (level 5, -1/24 HPs)
             Began as a Spriggan Enchanter on Sept 18, 2016.
             Was an Initiate of Ashenzari.
             Slain by a wight
             ... wielding a cursed +0 flail
              (6 damage)
             ... on level 4 of the Dungeon.
             The game lasted 00:08:34 (4831 turns).

poirepourri the Sneak (Spriggan Enchanter)          Turns: 4831, Time: 00:08:34

Health: -1/24      AC:  3    Str:  9    XL:     5   Next: 7%
Magic:  1/12       EV: 18    Int: 22    God:    Ashenzari [......]
Gold:   93         SH:  0    Dex: 17    Spells: 5 memorised, 0 levels left

rFire  . . .     SeeInvis +     a - +1 dagger
rCold  . . .     Gourm    +     b - +1 robe (curse)
rNeg   . . .     Faith    .     (shield restricted)
rPois  .         Spirit   .     (helmet restricted)
rElec  .         Dismiss  .     (no cloak)
rCorr  .         Reflect  .     (gloves unavailable)
MR     .....     Harm     .     (boots unavailable)
Stlth  ++++......               f - amulet of the gourmand
                                (no ring)
                                (no ring)

@: mighty, brilliant, drained, very quick
A: unfitting armour, see invisible, herbivore 3, speed 3, slow metabolism 2
a: Curse Item, Renounce Religion


You were on level 4 of the Dungeon.
You worshipped Ashenzari.
Ashenzari was noncommittal.
You were not hungry.

You visited 1 branch of the dungeon, and saw 4 of its levels.

You collected 93 gold pieces.

Inventory:

Hand Weapons
 a - a +1 dagger (weapon)
Armour
 b - a cursed +1 robe (worn)
 m - a +0 buckler
Jewellery
 f - an amulet of the gourmand (around neck)
Potions
 d - a potion of curing
 k - a potion of brilliance
Books
 c - a book of Maledictions

   Spells                             Type                      Level
   a - Corona                         Hexes                        1
   b - Ensorcelled Hibernation        Hexes/Ice                    2
   c - Confuse                        Hexes                        3
   d - Tukima's Dance                 Hexes                        3
   e - Dazzling Spray                 Conjuration/Hexes            3
Comestibles
 i - a slice of pizza
 j - a bread ration


   Skills:
 + Level 0.1(0.0) Fighting
 + Level 1.4(1.1) Short Blades
 + Level 3.6(3.2) Dodging
 + Level 6.3(5.9) Stealth
 + Level 4.0(3.7) Spellcasting
 + Level 4.6(4.2) Hexes
 - Level 0.1(0.0) Ice Magic


You couldn't memorise any spells.
You knew the following spells:

 Your Spells              Type           Power        Failure   Level  Hunger
a - Corona                Hex            #####..      1%          1    None
b - Ensorcelled Hibernat  Hex/Ice        ####..       1%          2    #......
c - Confuse               Hex            #####...     1%          3    ###....
d - Tukima's Dance        Hex            #####...     1%          3    ###....
e - Dazzling Spray        Conj/Hex       ####..       1%          3    ###....


Dungeon Overview and Level Annotations

Branches:
Dungeon (4/15)
 Temple: D:4-7

Altars:
Ashenzari
Ru


Innate Abilities, Weirdness & Mutations

You are tiny and cannot use many weapons and most armour.
You have supernaturally acute eyesight. (SInv)
You are a herbivore.
You cover ground extremely quickly.
You need consume almost no food.


Message History

Casting: Confuse
Confirm with . or Enter, or press ? or * to list all spells.
Aiming: Confuse
Press: ? - help, Shift-Dir - straight line, f/p - wight
Aim: a wight, wielding a war axe and wearing a robe (confused, chance to defeat MR: 50%)
The wight resists with some effort.
The wight misses you.
Casting: Confuse
Confirm with . or Enter, or press ? or * to list all spells.
You don't have enough magic to cast that spell.
Unknown command.
It was a potion of brilliance.
You feel clever all of a sudden. The wight hits you with a flail!
Ouch! That really hurt!
You feel drained.
* * * LOW HITPOINT WARNING * * *
It was a potion of might.
You feel very mighty all of a sudden. The wight completely misses you.
The wight hits you with a flail.
You die...

#..###......#
#..###..##..#
#..#.#..##..#
#..#.#..##[.#
#......>#...#
###.#.####...#
.....# #...#
#.#.####...#####
#....z@z........
#.#.####...####.
#.#.# #...# #.#.#
#..z# #†#.# #...#
#.#.####...# #
#......#...# #.
#.#.........
####..#.######.#.


You could see 3 wights.

Vanquished Creatures
  An orc priest (D:3)
  4 adders
  An ooze (D:1)
  2 worms
  A dart slug (D:2)
  A leopard gecko (D:1)
  3 orcs (D:3)
  A ball python (D:2)
  3 giant cockroaches
  7 hobgoblins
  4 jackals (D:3)
  11 kobolds
  9 bats
  7 frilled lizards
  6 goblins
  10 rats
71 creatures vanquished.

Notes
Turn   | Place    | Note
-------+----------+-------------------------------------------
     0 | D:1      | poirepourri the Spriggan Enchanter began the quest for the Orb.
     0 | D:1      | Reached XP level 1. HP: 9/9 MP: 5/5
   763 | D:1      | Reached XP level 2. HP: 13/13 MP: 6/6
   769 | D:1      | Learned a level 2 spell: Ensorcelled Hibernation
   907 | D:1      | Reached skill level 5 in Stealth
  1820 | D:2      | Reached XP level 3. HP: 16/16 MP: 5/8
  2281 | D:2      | Found a shattered altar of Ashenzari.
  2290 | D:2      | Became a worshipper of Ashenzari the Shackled
  2325 | D:2      | Learned a level 3 spell: Confuse
  3084 | D:3      | Reached XP level 4. HP: 15/21 MP: 1/10
  3432 | D:3      | Found a sacrificial altar of Ru.
  3744 | D:3      | Learned a level 3 spell: Tukima's Dance
  3828 | D:3      | Found a faded altar of an unknown god.
  3995 | D:3      | HP: 1/21 [orc priest/divine providence (10)]
  4025 | D:3      | Reached skill level 6 in Stealth
  4537 | D:3      | Reached XP level 5. HP: 12/24 MP: 3/12
  4817 | D:4      | Learned a level 3 spell: Dazzling Spray
  4831 | D:4      | Slain by a wight

Vault maps used:
D:1:      minmay_arrival_nine_rooms
D:2:      first_bread, wad_floor_pattern_untrapped, ashenzari_altar_1
D:3:      ecumenical_altar_1, nicolae_ru_path_of_blood
D:4:      serial_shops, shop

Skill      XL: |  1  2  3  4 |
---------------+-------------+-----
Hexes          | 4 |  4.6
Stealth        | 5 6 |  6.3
Spellcasting   | 3 4 |  4.0
Fighting       | |  0.1
Short Blades   | |  1.4
Dodging        | |  3.6
Ice Magic      | |  0.1

Action                   |  1- 3 |  4- 6 || total
-------------------------+-------+-------++-------
Melee: Dagger            |   131 |    52 ||   183
 Cast: Corona            |    11 |       ||    11
       Ensorcelled Hiber |    41 |    22 ||    63
       Confuse           |     1 |     6 ||     7
Invok: Curse Item        |       |     1 ||     1
  Use: Scroll            |     4 |     1 ||     5
       Potion            |       |     5 ||     5
 Stab: Sleeping          |    31 |    20 ||    51
  Eat: Bread ration      |     1 |       ||     1
Armor: Robe              |    30 |     6 ||    36
Dodge: Dodged            |   167 |    31 ||   198
